AoeStats
← CNZS_98T

Arabia

510079028Analyzed
1v1 RM · 2d ago on Sep 29, 2026· 42m 56s· 2 players
Game mode
Random Map
Map size
Tiny (2 player)
Population
200
Speed
Normal
Resources
Standard
Victory
Conquest
Starting age
Dark Age
Ending age
Imperial Age
RankedLock teamsTeams togetherTeam positionsShared explorationLock speedFull tech treeHidden civsTurbo modeCheats
Victory
Defeat
🇭🇰 Poles · Hong Kong SAR China
2593
+19
🇳🇱 Goths · Netherlands
2666
-19
Dennis哥
6:35 Loom
8:52 Feudal Age
9:28 Double-Bit Axe
10:01 Horse Collar
18:11 Castle Age
16:23 Padded Archer Armor
17:15 Fletching
18:58 Bodkin Arrow
19:26 Elite Skirmisher
20:48 Bow Saw
21:51 Wheelbarrow
22:10 Heavy Plow
23:29 Scale Barding Armor
26:06 Bloodlines
26:07 Forging
26:18 Husbandry
26:27 Gold Mining
26:05 Light Cavalry
27:58 Hand Cart
30:13 Stone Mining
32:10 Chain Barding Armor
31:57 Szlachta Privileges
33:15 Iron Casting
36:39 Scale Mail Armor
37:53 Town Watch
38:53 Chain Mail Armor
38:35 Treadmill Crane
39:40 Ballistics
42:45 Imperial Age
41:02 Stone Shaft Mining
40:52 Masonry
42:51 Murder Holes
42:53 Cavalier
CNZS_98T
3:12 Loom
9:12 Feudal Age
9:20 Man-at-Arms
10:47 Double-Bit Axe
11:30 Horse Collar
14:08 Fletching
20:52 Castle Age
19:44 Forging
19:25 Gold Mining
20:17 Bloodlines
21:00 Scale Barding Armor
23:53 Husbandry
26:13 Wheelbarrow
26:47 Light Cavalry
28:10 Pikeman
31:10 Iron Casting
32:19 Bow Saw
33:29 Hand Cart
35:51 Chain Barding Armor
35:33 Squires
38:56 Scale Mail Armor
43:00 Chain Mail Armor
Connection lost

Rejoining the realm…

Still unreachable

The connection could not be restored.

Session expired

The server has moved on; the page needs a fresh start.